 Dungeon Crawl Stone Soup version 0.28.0-53-g5a82cb258f (webtiles) character file.

Game seed: 2634630503445865439

2912 Eitelfritz the Cleaver (level 9, 0/79 HPs)
             Began as a Hill Orc Fighter on July 22, 2022.
             Slain by an orc warrior
             ... wielding a +2 flail of protection
              (9 damage)
             ... on level 6 of the Dungeon.
             The game lasted 00:15:22 (7434 turns).

Eitelfritz the Cleaver (Hill Orc Fighter)           Turns: 7434, Time: 00:15:23

Health: 0/79       AC: 14    Str: 23    XL:     9   Next: 78%
Magic:  9/9        EV:  7    Int:  8    God:
Gold:   320        SH:  5    Dex: 10    Spells: 8/8 levels left

rFire   . . .      SeeInvis .   a - +0 war axe
rCold   . . .      Faith    .   c - +0 buckler
rNeg    . . .      Spirit   .   q - +0 plate armour
rPois   +          Reflect  .   g - +0 helmet
rElec   .          Harm     .   (no cloak)
rCorr   .          Rampage  .   (no gloves)
Will    .....                   (no boots)
Stlth   ..........              (no amulet)
HPRegen 0.23/turn               w - ring of poison resistance
MPRegen 0.11/turn               (no ring)

@: no status effects
A: no striking features
a: no special abilities


You were on level 6 of the Dungeon.
You visited 1 branch of the dungeon, and saw 6 of its levels.

You collected 320 gold pieces.

Inventory:

Hand Weapons
 a - a +0 war axe (weapon)
 b - a +0 hunting sling
 o - a +2 vorpal mace
 p - a +0 flail of draining
Missiles
 h - 4 sling bullets
 k - 129 stones
 u - 5 poisoned darts
Armour
 c - a +0 buckler (worn)
 g - a +0 helmet (worn)
 q - a +0 plate armour (worn)
Jewellery
 m - an amulet of faith
 w - a ring of poison resistance (left hand)
 z - a ring of magical power
Wands
 e - a wand of digging (6)
 j - a wand of iceblast (14) (quivered)
Scrolls
 d - 2 scrolls of teleportation
 r - a scroll of silence {unknown}
 x - a scroll of fear
Potions
 f - 2 potions of curing
 i - a potion of mutation
 l - a potion of resistance {unknown}
 s - a potion of cancellation {unknown}
 t - a potion of degeneration {unknown}
 v - a potion of haste


   Skills:
 + Level 7.5 Fighting
 + Level 10.8 Axes
 + Level 3.7 Slings
 + Level 7.5 Armour
 + Level 1.2 Dodging
 + Level 0.6 Stealth
 + Level 5.5 Shields
 + Level 0.8 Evocations


You had 8 spell levels left.
You didn't know any spells.
Your spell library contained the following spells:

 Spells                   Type           Power      Damage    Failure   Level
 Inner Flame              Hex/Fire       0%         N/A       100%        3
 Cause Fear               Hex            0%         N/A       100%        4
 Discord                  Hex            0%         N/A       100%        8


Dungeon Overview and Level Annotations

Branches:
Dungeon (6/15)             Temple (0/1) D:6

Altars:
Okawaru
Qazlal


Message History

The orc warrior barely misses you. Something hits you but does no damage.
You hit something.
You hit the orc warrior but do no damage.
The orc warrior hits you with a +2 flail of protection!
* * * LOW HITPOINT WARNING * * *
Something hits you.
* * * LOW HITPOINT WARNING * * *
Unknown command.
You feel much better.
The orc warrior hits you with a +2 flail of protection!
* * * LOW HITPOINT WARNING * * *
Something hits you but does no damage.
You feel less confused.
You hit the orc warrior.
The orc warrior is moderately wounded.
You barely miss something. You block the orc warrior's attack.
Something hits you but does no damage.
You hit the orc warrior but do no damage.
The orc warrior is moderately wounded.
You closely miss something.
The orc warrior hits you with a +2 flail of protection!
* * * LOW HITPOINT WARNING * * *
Something hits you but does no damage.
You hit the orc warrior.
The orc warrior is heavily wounded.
You miss something.
The orc warrior hits you with a +2 flail of protection!
* * * LOW HITPOINT WARNING * * *
You hear some strange, mumbled words.
A puff of flame appears from out of thin air!
The puff of flame hits you but does no damage.
You slash the orc warrior!
The orc warrior is severely wounded.
You slash something!
Reactivating autopickup.
You feel a bit more experienced. You block the orc warrior's attack.
You closely miss the orc warrior.
The orc warrior is severely wounded.
The orc warrior hits you with a +2 flail of protection!
You die...

#......#.#.####
#......#.# # #.....)#.# #
. #......#.# ####
..#########......#.#.....
...................#####.
......).................)
...........####....######
.......o@............ ..
.......)...####....######
...........# #....# .
#..........# #....# ..
############ ...... ##
#.####


You could see an orc warrior.

Vanquished Creatures
  A two-headed ogre (D:6)
  2 water moccasins
  Duvessa (D:6)
  An orc warrior (D:4)
  A sky beast (D:6)
  A centaur (D:5)
  6 ogres
  A phantom (D:5)
  A bullfrog (D:3)
  2 wyvern skeletons (D:5)
  A water moccasin skeleton (D:6)
  Dowan (D:6)
  4 wights (D:6)
  A bullfrog zombie (D:6)
  3 hounds
  3 orc priests
  A bullfrog skeleton (D:5)
  A centaur zombie (D:6)
  2 gnoll shamans
  A jelly (D:6)
  An iguana (D:5)
  2 orc wizards (D:6)
  A killer bee zombie (D:6)
  5 gnolls
  11 adders
  2 shadow imps (D:6)
  A white imp (D:6)
  An ufetubus (D:6)
  2 worms (D:2)
  8 orcs
  5 ball pythons
  4 endoplasms
  4 giant cockroaches
  9 goblins
  11 hobgoblins
  8 jackals
  2 quokkas
  10 bats
  2 frilled lizards
  6 kobolds
  4 rats
134 creatures vanquished.

Notes
Turn   | Place    | Note
-------+----------+-------------------------------------------
     0 | D:1      | Eitelfritz the Hill Orc Fighter began the quest for the
                  | Orb.
     0 | D:1      | Reached XP level 1. HP: 19/19 MP: 1/1
    94 | D:1      | Reached XP level 2. HP: 27/27 MP: 2/2
   291 | D:1      | Reached skill level 3 in Axes
   565 | D:1      | Reached XP level 3. HP: 33/33 MP: 3/3
   988 | D:2      | Found a faded altar of an unknown god.
  1498 | D:2      | Reached skill level 4 in Axes
  1657 | D:2      | Reached XP level 4. HP: 40/40 MP: 4/4
  2052 | D:3      | Noticed a bullfrog
  2059 | D:3      | Killed a bullfrog
  2060 | D:3      | Reached XP level 5. HP: 41/46 MP: 5/5
  2672 | D:3      | Reached skill level 5 in Axes
  3118 | D:4      | Noticed an ogre
  3120 | D:4      | Killed an ogre
  3121 | D:4      | Reached XP level 6. HP: 53/53 MP: 6/6
  3230 | D:3      | Reached skill level 6 in Axes
  3548 | D:4      | Found a stormy altar of Qazlal.
  3556 | D:4      | Noticed an orc warrior
  3692 | D:4      | Reached skill level 5 in Fighting
  3692 | D:4      | Reached skill level 1 in Dodging
  3739 | D:4      | Reached XP level 7. HP: 36/61 MP: 7/7
  3977 | D:4      | Reached skill level 1 in Slings
  4244 | D:5      | Entered Level 5 of the Dungeon
  4460 | D:5      | Found an iron altar of Okawaru.
  4522 | D:5      | Reached skill level 5 in Armour
  4604 | D:5      | Reached skill level 7 in Axes
  4976 | D:5      | Reached XP level 8. HP: 51/70 MP: 8/8
  5265 | D:5      | Reached skill level 8 in Axes
  5528 | D:6      | Noticed a two-headed ogre
  5553 | D:5      | HP: 3/71 [poisoned by a water moccasin]
  5927 | D:6      | Noticed Duvessa
  5964 | D:6      | Killed Duvessa
  5965 | D:6      | Reached skill level 9 in Axes
  6143 | D:6      | Found a staircase to the Ecumenical Temple.
  6147 | D:6      | Noticed Dowan
  6158 | D:6      | Killed Dowan
  6201 | D:6      | Reached XP level 9. HP: 33/78 MP: 9/9
  6579 | D:6      | Reached skill level 5 in Shields
  6666 | D:6      | Reached skill level 10 in Axes
  7008 | D:6      | Killed a two-headed ogre
  7434 | D:6      | Slain by an orc warrior

Illustrated notes

Levels and vault maps discovered:
D:1:      saegor_arrival_simple_b, layout_basic
D:2:      layout_basic, shapermc_ecumenical_altar_mp_highgroup
D:3:      layout_basic, minmay_close_crescents
D:4:      layout_loops_cross, mainiacjoe_overflow_boulevard
D:5:      layout_gridville, okawaru_ov_weapons_minmay
D:6:      layout_basic, minmay_temple_entry_arrows, minmay_alternating_orb,
          uniq_duvessa

Skill      XL: |  1  2  3  4  5  6  7  8  9 |
---------------+----------------------------+-----
Fighting       | 4 5 6 7 |  7.5
Axes           | 3 4 5 6 7 9 10 | 10.8
Shields        | 4 5 |  5.5
Armour         | 4 5 6 7 |  7.5
Dodging        | 1 |  1.2
Slings         | 2 3 |  3.7
Stealth        | |  0.6
Evocations     | |  0.8

Action                   |  1- 3 |  4- 6 |  7- 9 || total
-------------------------+-------+-------+-------++-------
Melee: War axe           |    92 |    97 |   244 ||   433
 Fire: Hunting sling     |       |    12 |    54 ||    66
Evoke: Wand              |       |     3 |     5 ||     8
  Use: Potion            |       |     1 |     4 ||     5
       Scroll            |       |     6 |     3 ||     9
Armor: Scale mail        |    24 |       |       ||    24
       Chain mail        |    14 |    62 |       ||    76
       Plate armour      |       |       |   163 ||   163
Dodge: Dodged            |    55 |    54 |    85 ||   194
Block: Buckler           |    26 |    30 |    58 ||   114
